 Dungeon Crawl Stone Soup version 0.20.1-1-g8b1a95d (console) character file.

60 hilaritas the Slasher (level 4, -1/28 HPs)
             Began as a Tengu Monk on Oct 7, 2017.
             Was a Believer of Makhleb.
             Slain by Zgarb's ghost (11 damage)
             ... on level 3 of the Dungeon.
             The game lasted 00:03:41 (1961 turns).

hilaritas the Slasher (Tengu Monk)                  Turns: 1961, Time: 00:03:42

Health: -1/28      AC:  2    Str: 12    XL:     4   Next: 4%
Magic:  5/5        EV: 13    Int: 11    God:    Makhleb [**....]
Gold:   79         SH:  4    Dex: 16    Spells: 3/3 levels left

rFire    . . .     SeeInvis .   a - +0 falchion
rCold    . . .     Gourm    .   p - +0 buckler
rNeg     . . .     Faith    .   b - +0 robe
rPois    .         Spirit   .   (helmet restricted)
rElec    .         Reflect  .   (no cloak)
rCorr    .         Harm     .   (no gloves)
MR       .....                  (boots unavailable)
Stlth    ++........             (no amulet)
Regen    0.1/turn               (no ring)
MPRegen  0.1/turn               (no ring)

@: no status effects
A: beak, talons 3
a: Minor Destruction, Renounce Religion


You were on level 3 of the Dungeon.
You worshipped Makhleb.
Makhleb was pleased with you.
You were not hungry.

You visited 1 branch of the dungeon, and saw 3 of its levels.

You collected 79 gold pieces.

Inventory:

Hand Weapons
 a - a +0 falchion (weapon)
 n - a +0 dagger
Armour
 b - a +0 robe (worn)
 p - a +0 buckler (worn)
Jewellery
 l - an uncursed ring of see invisible {unknown}
Scrolls
 g - 2 scrolls of identify {unknown}
 h - a scroll of noise {unknown}
 i - a scroll of immolation {unknown}
 j - a scroll of teleportation {unknown}
 o - a scroll of blinking {unknown}
Potions
 d - a potion of lignification {unknown}
 e - 2 potions of cancellation
 k - a potion of curing {unknown}
 m - a potion of magic {unknown}
 q - a potion of flight {unknown}
 r - a potion of resistance {unknown}
Comestibles
 c - a bread ration
 f - a royal jelly
 s - a meat ration


   Skills:
 - Level 3.0 Fighting
 * Level 5.1 Long Blades
 - Level 3.2 Dodging
 - Level 2.0 Stealth
 * Level 0.4 Shields
 * Level 0.1 Invocations


You had 3 spell levels left.
You didn't know any spells.

Dungeon Overview and Level Annotations

Branches:
Dungeon (3/15)

Altars:
Makhleb

Annotations:
D:3 Zgarb's ghost, amateur HOMo


Innate Abilities, Weirdness & Mutations

You have a beak for a mouth.
You have claws for feet.


Message History

Press: ? - help, Shift-Dir - straight line, f/p - Zgarb's ghost
Aim: Zgarb's ghost You fail to use your ability.
Press: ? - help, Shift-Dir - straight line, f/p - Zgarb's ghost
Aim: Zgarb's ghost You fail to use your ability.
You hit Zgarb's ghost but do no damage.
You claw Zgarb's ghost, but do no damage.
You block Zgarb's ghost's attack.
You hit Zgarb's ghost but do no damage. Zgarb's ghost hits you.
You barely miss Zgarb's ghost.
You peck Zgarb's ghost, but do no damage.
You block Zgarb's ghost's attack.
You miss Zgarb's ghost. Zgarb's ghost hits you.
You hit Zgarb's ghost.
Zgarb's ghost is lightly damaged.
You block Zgarb's ghost's attack.
It was a potion of cancellation.
You feel magically purged. Zgarb's ghost hits you!
You die...

###... ..
#...... #.# #.
.....^ ..##.
..... ....
##...# #..#
###...#
#..##.....#
#W.......#
##.@...)..#
#.........#
#...............
#.)..##.....#..#
#.###
#.....##..= #..
#.....# ### #.
#.....# #
#######


You could see Zgarb's ghost.

Vanquished Creatures
  2 adders (D:2)
  2 worms
  2 giant cockroaches (D:1)
  4 goblins (D:1)
  6 hobgoblins
  3 jackals (D:1)
  4 kobolds
  A ball python (D:2)
  2 bats
  4 frilled lizards
  5 rats
35 creatures vanquished.

Notes
Turn   | Place    | Note
-------+----------+-------------------------------------------
     0 | D:1      | hilaritas the Tengu Monk began the quest for the Orb.
     0 | D:1      | Reached XP level 1. HP: 14/14 MP: 2/2
   141 | D:1      | Reached XP level 2. HP: 13/19 MP: 3/3
   260 | D:1      | Reached skill level 4 in Long Blades
   796 | D:2      | Reached XP level 3. HP: 13/23 MP: 4/4
  1248 | D:2      | Found a burning altar of Makhleb.
  1248 | D:2      | Noticed a cacodemon
  1251 | D:2      | Noticed an orange demon
  1251 | D:2      | Noticed a hellwing
  1253 | D:2      | Became a worshipper of Makhleb the Destroyer
  1253 | D:2      | Reached * piety under Makhleb
  1253 | D:2      | Reached ** piety under Makhleb
  1361 | D:2      | Reached skill level 5 in Long Blades
  1867 | D:3      | Reached XP level 4. HP: 14/28 MP: 5/5
  1951 | D:3      | Noticed Zgarb's ghost (amateur HOMo)
  1961 | D:3      | Slain by Zgarb's ghost

Skill      XL: |  1  2  3 |
---------------+----------+-----
Long Blades    | 4 5 |  5.1
Fighting       | |  3.0
Dodging        | |  3.2
Stealth        | |  2.0
Shields        | |  0.4
Invocations    | |  0.1

Action                   |  1- 3 |  4- 6 || total
-------------------------+-------+-------++-------
Melee: Falchion          |    78 |     5 ||    83
       Kick              |    21 |     1 ||    22
       Peck              |    11 |     1 ||    12
Invok: Minor Destruction |       |     2 ||     2
  Use: Potion            |       |     1 ||     1
 Stab: Sleeping          |     3 |       ||     3
  Eat: Chunk             |     2 |     1 ||     3
Armor: Robe              |     7 |       ||     7
Dodge: Dodged            |    45 |       ||    45
Block: Buckler           |     5 |     3 ||     8
       Rpst.: Falchion   |    14 |       ||    14
